Map: 戰意高昂之境 - 天梯版

Players

Nice - Winner!

  • Race: Protoss Protoss
  • Spawn Location: 5:00

Kelazhur

  • Race: Terran Terran
  • Spawn Location: 11:00

Event: WCS Leipzig 2018

VOD

Have the link to the VOD?

Description

Time

  • Played on: Jan. 26, 2018, 1:13 p.m.
  • Length: 5:43

All games in this series

Show
View Real Time Build Order
Export as new Build Order

Nice Protoss - Winner!

Build Orders: 1 Gate Expand 

Get SALT Encoding   

  12  0:01  Probe  
  13  0:13  Probe  
  14  0:17  Pylon  
  14  0:25  Probe (Chrono Boost)  
  15  0:37  Probe (Chrono Boost)  
  15  0:40  Gateway  
  16  0:44  Probe (Chrono Boost)  
  17  0:51  Probe  
  17  0:53  Assimilator  
  18  1:03  Probe  
  19  1:15  Probe  
  20  1:24  Nexus  
  20  1:38  Cybernetics Core  
  20  1:39  Assimilator  
  20  1:41  Probe  
  21  1:53  Pylon  
  21  1:54  Probe  
  22  2:06  Probe  
  23  2:11  Stalker (Chrono Boost)  
  23  2:14  Warp Gate  
  25  2:18  Probe  
  26  2:33  Stalker (Chrono Boost)  
  27  2:41  Probe x2  
  29  2:48  Robotics Facility  
  29  2:53  Probe  
  29  2:54  Stalker (Chrono Boost)  
  29  2:55  Probe  
  33  3:05  Probe (Chrono Boost)  
  33  3:07  Probe (Chrono Boost)  
  34  3:16  Probe (Chrono Boost)  
  34  3:17  Probe (Chrono Boost)  
  36  3:21  Probe (Chrono Boost)  
  37  3:33  Immortal (Chrono Boost)  
  37  3:35  Probe x2  
  43  3:43  Gateway  
  43  3:45  Gateway  
  43  3:51  Gateway  
  43  3:54  Pylon  
  43  4:06  Warp Prism (Chrono Boost)  
  45  4:13  Gateway  
  45  4:15  Gateway  
  45  4:19  Pylon  
  45  4:24  Sentry  
  45  4:27  Probe x2, Pylon  
  49  4:42  Zealot x2  
  47  4:54  Stalker  
  47  5:05  Stalker x3  
  53  5:08  Stalker  
  53  5:26  Zealot x3  
  59  5:30  Zealot x3  
Show
View Real Time Build Order
Export as new Build Order

Kelazhur Terran 

Build Orders: Reaper Expand 

Get SALT Encoding   

  12  0:00  SCV  
  13  0:12  SCV  
  14  0:17  Supply Depot  
  14  0:24  SCV  
  15  0:38  SCV  
  15  0:40  Barracks  
  16  0:44  Refinery  
  16  0:50  SCV  
  17  1:03  SCV  
  18  1:15  SCV  
  19  1:27  Orbital Command, Reaper  
  20  1:44  Command Center  
  20  1:53  SCV  
  21  2:00  Barracks Reactor  
  21  2:04  Supply Depot  
  21  2:05  SCV  
  22  2:13  Barracks  
  22  2:18  SCV  
  23  2:24  Factory  
  23  2:30  SCV  
  24  2:38  Marine x2  
  27  2:44  SCV  
  27  2:57  Orbital Command, Marine x2  
  29  3:00  Marine  
  29  3:02  SCV  
  31  3:08  Factory Tech Lab  
  31  3:11  Refinery  
  31  3:14  SCV  
  31  3:15  Marine x2  
  34  3:21  Marine  
  34  3:27  SCV  
  36  3:30  Siege Tank  
  36  3:32  SCV  
  36  3:33  Marine  
  40  3:38  Marine  
  40  3:39  Supply Depot, Marine  
  40  3:41  SCV  
  42  3:48  Engineering Bay  
  42  3:50  Marine  
  42  3:53  SCV x2  
  45  3:56  Marine  
  45  3:59  Marine  
  45  4:03  Supply Depot  
  45  4:07  SCV  
  45  4:08  Siege Tank, Marine  
  49  4:10  SCV  
  49  4:14  Marine  
  51  4:19  SCV  
  51  4:21  Missile Turret  
  51  4:22  Marine  
  51  4:23  SCV  
  54  4:26  Marine  
  54  4:28  Supply Depot  
  55  4:31  SCV  
  55  4:32  Marine  
  55  4:36  SCV  
  57  4:40  Siege Tank  
  57  4:43  SCV  
  57  4:45  Bunker  
  61  4:46  Bunker  
  61  4:57  SCV, Marine  
  61  4:58  Marine  
  58  5:00  Barracks Tech Lab  
  58  5:01  Barracks  
  58  5:04  SCV  
  56  5:10  SCV  
  54  5:15  Marine  
  54  5:19  Barracks x2  
  52  5:22  SCV  
  52  5:23  Marine x2  
Tags
 
Add a new tag
Caveats
  • Supply blocks, unpowered buildings, or Contaminate may cause inaccurate times.
  • Supply counts are checked every 10 seconds.